 Dungeon Crawl Stone Soup version 0.20-a0-791-gf6451d4 (webtiles) character file.

58 Espgualade the Skirmisher (level 4, -5/28 HPs)
             Began as a Tengu Ice Elementalist on Mar 1, 2017.
             Engulfed by a cloud of flame (13 damage)
             ... on level 2 of the Dungeon.
             The game lasted 00:04:35 (2059 turns).

Espgualade the Skirmisher (Tengu Ice Elementalist)  Turns: 2059, Time: 00:04:35

Health: -5/28      AC:  2    Str:  9    XL:     4   Next: 1%
Magic:  8/8        EV: 12    Int: 16    God:
Gold:   52         SH:  0    Dex: 14    Spells: 1/7 levels left

rFire    . . .     SeeInvis .   e - +0 dagger
rCold    . . .     Gourm    .   a - +0 robe
rNeg     . . .     Faith    .   (no shield)
rPois    .         Spirit   .   (helmet restricted)
rElec    .         Reflect  .   (no cloak)
rCorr    .         Harm     .   (no gloves)
MR       .....                  (boots unavailable)
Stlth    ++........             (no amulet)
Regen    0.1/turn               (no ring)
MPRegen  0.2/turn               (no ring)

@: invisible
A: beak, talons 3
a: no special abilities


You were on level 2 of the Dungeon.
You were not hungry.

You visited 1 branch of the dungeon, and saw 2 of its levels.

You collected 52 gold pieces.

Inventory:

Hand Weapons
 e - a +0 dagger (weapon)
Armour
 a - a +0 robe (worn)
Scrolls
 d - a scroll of amnesia
Books
 b - a book of Frost

   Spells                             Type                      Level
   a - Freeze                         Ice                          1
   b - Throw Frost                    Conjuration/Ice              2
   c - Ozocubu's Armour               Charms/Ice                   3
   d - Throw Icicle                   Conjuration/Ice              4
   e - Summon Ice Beast               Ice/Summoning                4
 g - a book of Misfortune

   Spells                             Type                      Level
   a - Confusing Touch                Hexes                        1
   b - Confuse                        Hexes                        3
   c - Gell's Gravitas                Translocation                3
   d - Petrify                        Transmutation/Earth          4
   e - Metabolic Englaciation         Hexes/Ice                    5
   f - Yara's Violent Unravelling     Hexes/Transmutation          5
Comestibles
 c - a bread ration
 f - a meat ration


   Skills:
 + Level 3.4 Fighting
 - Level 2.1 Dodging
 - Level 2.0 Stealth
 - Level 2.0 Spellcasting
 - Level 1.3 Conjurations
 - Level 2.6 Ice Magic


You had one spell level left.
You knew the following spells:

 Your Spells              Type           Power        Failure   Level  Hunger
a - Freeze                Ice            ##..         10%         1    #......
b - Throw Frost           Conj/Ice       #.....       14%         2    ###....
c - Ozocubu's Armour      Chrm/Ice       #.......     38%         3    ###....


Dungeon Overview and Level Annotations

Branches:
Dungeon (2/15)

Altars:
Fedhas
Vehumet


Innate Abilities, Weirdness & Mutations

You have a beak for a mouth.
You have claws for feet.


Message History

Found a short sword.
The bat closely misses you.
You hit the bat. Your kick misses the bat.
The bat is heavily wounded.
The bat hits you but does no damage.
You hit the bat.
You kill the bat!
You have reached level 4!
You feel stronger.
Found a radiant altar of Vehumet.
Found a stone staircase leading down.
There is a stone staircase leading down here.
You're in a travel-excluded area, stopping explore.
You are engulfed in blazing flames.
Ouch! That really hurt!
* * * LOW HITPOINT WARNING * * *
There is a radiant altar of Vehumet here.
It was a potion of invisibility.
You fade into invisibility!
You die...

#.####.......#..# #.
##.# #.###.....## #.
...###.###...##.#####.
......##..#..#....... ##
..#..##.###.#....... ..
#........#...####...
###.###......#...###
#.#. .......§...).#.###
#.P. # #.#§.@§.##.#
#####P.P
#.#.#.§.§.##.####..P.♣.P
#...............>..♣..♣♣
###..........####....P♣
........########
#..P.P.. #########
########


There were no monsters in sight!

Vanquished Creatures
  An adder (D:2)
  An ooze (D:1)
  A worm (D:2)
  2 dart slugs (D:1)
  3 leopard geckos
  A ball python (D:1)
  3 giant cockroaches (D:1)
  3 goblins
  3 hobgoblins (D:1)
  9 bats
  2 frilled lizards (D:1)
  3 kobolds (D:1)
  4 rats
36 creatures vanquished.

Vanquished Creatures (others)
  A kobold (D:2)
1 creature vanquished.

Grand Total: 37 creatures vanquished

Notes
Turn   | Place    | Note
-------+----------+-------------------------------------------
     0 | D:1      | Espgualade the Tengu Ice Elementalist began the quest for the Orb.
     0 | D:1      | Reached XP level 1. HP: 10/10 MP: 4/4
    25 | D:1      | Reached skill level 1 in Fighting
   152 | D:1      | Reached XP level 2. HP: 16/16 MP: 4/6
   212 | D:1      | Reached skill level 2 in Fighting
   956 | D:1      | Reached XP level 3. HP: 20/22 MP: 2/7
  1421 | D:1      | Learned a level 2 spell: Throw Frost
  1425 | D:1      | Learned a level 3 spell: Ozocubu's Armour
  1435 | D:2      | Reached skill level 3 in Fighting
  1496 | D:2      | Found a blossoming altar of Fedhas.
  2013 | D:2      | Reached XP level 4. HP: 28/28 MP: 8/8
  2016 | D:2      | Found a radiant altar of Vehumet.
  2059 | D:2      | Engulfed by a cloud of flame

Vault maps used:
D:1:      dpeg_arrival_lava_altar, kennysheep_another_room, st_stairs_9
D:2:      fiery_altar_vehumet, old_standard_altar, serial_forest,
          infiniplex_forest_join, infiniplex_forest_clump_curved,
          infiniplex_forest_zigzag_1, infiniplex_forest_lined_room_2,
          infiniplex_forest_straight_4, infiniplex_forest_straight_2,
          infiniplex_forest_lined_3, infiniplex_forest_clump_curved,
          infiniplex_forest_clump_long

Skill      XL: |  1  2  3 |
---------------+----------+-----
Fighting       | 1 2 3 |  3.4
Dodging        | |  2.1
Stealth        | |  2.0
Spellcasting   | |  2.0
Conjurations   | |  1.3
Ice Magic      | |  2.6

Action                   |  1- 3 |  4- 6 || total
-------------------------+-------+-------++-------
Melee: Unarmed           |     7 |       ||     7
       Kick              |    16 |       ||    16
       Dagger            |    78 |       ||    78
       Peck              |    11 |       ||    11
 Cast: Freeze            |    34 |       ||    34
  Use: Scroll            |     3 |       ||     3
       Potion            |       |     1 ||     1
 Stab: Sleeping          |     3 |       ||     3
  Eat: Chunk             |     4 |       ||     4
Armor: Robe              |    26 |       ||    26
Dodge: Dodged            |    73 |       ||    73
